 Dungeon Crawl Stone Soup version 0.26.0-15-gc6cd9f7 (webtiles) character file.

Game seed: 8093582026100896512

60170 ilyvion the Fighter (level 14, -13/169 HPs)
             Began as a Gnoll Wanderer on Jan 18, 2021.
             Was the Champion of Cheibriados.
             Mangled by an orc knight
             ... wielding a +2 bardiche
              (38 damage)
             ... on level 1 of the Orcish Mines.
             The game lasted 02:18:15 (23562 turns).

ilyvion the Fighter (Gnoll Wanderer)               Turns: 23562, Time: 02:18:16

Health: -13/169    AC: 27    Str: 38    XL:     14   Next: 98%
Magic:  9/27       EV:  2    Int: 29    God:    Cheibriados [******]
Gold:   1396       SH:  0    Dex: 34    Spells: 19/32 levels left

rFire    + . .     SeeInvis .   a - +9 dire flail (drain)
rCold    + . .     Faith    +   (shield currently unavailable)
rNeg     + + +     Spirit   .   (armour currently unavailable)
rPois    +         Reflect  .   (helmet currently unavailable)
rElec    .         Harm     .   (cloak currently unavailable)
rCorr    .         Rampage  .   (gloves currently unavailable)
Will     +....     NoTele   +   (boots currently unavailable)
Stlth    ++........             h - amulet "Vedocs" {Faith Dex+4}
HPRegen  0.38/turn              g - ring "Cojuatsa" {*Corrode rC+ rN+ Str+3}
MPRegen  0.20/turn              m - ring of protection from fire

@: confused, tree-form, very slow
A: distributed training, strong nose
a: Renounce Religion, Bend Time, Temporal Distortion, Slouch, Step From Time


You were on level 1 of the Orcish Mines.
You worshipped Cheibriados.
Cheibriados was exalted by your worship.
You were a tree.
You visited 4 branches of the dungeon, and saw 21 of its levels.
You also visited: Sewer, Ossuary, Bailey and Gauntlet.

You collected 1409 gold pieces.
You spent 13 gold pieces at shops.

Inventory:

Hand Weapons
 a - a +9 dire flail of draining (weapon)
 b - a +0 arbalest
 j - a +2 morningstar of holy wrath
 s - a +0 glaive
Missiles
 B - 49 boomerangs (quivered)
 C - 71 bolts
 H - 15 javelins
Armour
 f - a +2 hat (melded)
 F - a +1 cloak (melded)
 K - a +4 crystal plate armour (melded)
 M - +0 steam dragon scales
 R - a +0 tower shield
 W - a +1 pair of gloves (melded)
Jewellery
 d - an uncursed ring of willpower
 g - the ring "Cojuatsa" (left branch) {*Corrode rC+ rN+ Str+3}
   (You found it in a Gauntlet)

   [ring of protection from cold]

   It affects your strength (+3).
   It protects you from cold.
   It protects you from negative energy.
   It may corrode you when you take damage.
 h - the amulet "Vedocs" (around neck) {Faith Dex+4}
   (You found it in a Gauntlet)

   [amulet of faith]

   It allows you to gain divine favour quickly.
   It affects your dexterity (+4).
 m - a ring of protection from fire (right branch)
 o - an uncursed ring of poison resistance
 w - an uncursed ring of resist corrosion
 I - an uncursed amulet of faith
 O - an uncursed ring of willpower
 T - an uncursed ring of magical power
 U - an uncursed ring of protection from cold
 X - an uncursed ring of positive energy
 Y - an uncursed ring of see invisible
Wands
 i - a wand of acid (28)
 y - a wand of paralysis (5)
 A - a wand of digging (10)
 G - a wand of flame (86)
 J - a wand of iceblast (22)
Scrolls
 e - 8 scrolls of fear
 k - 3 scrolls of immolation
 n - 8 scrolls of remove curse
 q - 6 scrolls of blinking
 x - 8 scrolls of teleportation
 N - a scroll of vulnerability
 P - 2 scrolls of noise {unknown}
 Q - 5 scrolls of amnesia
 S - a scroll of fog
 V - a scroll of summoning {unknown}
Potions
 l - 2 potions of magic
 p - 4 potions of heal wounds
 r - 3 potions of resistance
 t - 16 potions of curing
 u - 5 potions of brilliance
 v - 7 potions of flight
 z - 3 potions of ambrosia
 D - 2 potions of cancellation
 E - 2 potions of might
 L - 2 potions of mutation


   Skills:
 + Level 11.5 Fighting
 + Level 9.6 Short Blades
 + Level 9.6 Long Blades
 + Level 9.6 Axes
 + Level 9.6 Maces & Flails
 + Level 10.6 Polearms
 + Level 9.6 Staves
 + Level 9.6 Slings
 + Level 10.6 Bows
 + Level 9.6 Crossbows
 + Level 9.6 Throwing
 + Level 9.6 Armour
 + Level 10.0 Dodging
 + Level 9.6 Stealth
 + Level 10.6 Shields
 + Level 9.6 Unarmed Combat
 + Level 9.6 Spellcasting
 + Level 8.1 Conjurations
 + Level 8.1 Hexes
 + Level 8.1 Summonings
 + Level 8.1 Necromancy
 + Level 8.1 Translocations
 + Level 8.1 Transmutations
 + Level 8.1 Fire Magic
 + Level 8.1 Ice Magic
 + Level 8.1 Air Magic
 + Level 8.1 Earth Magic
 + Level 8.1 Poison Magic
 + Level 10.4 Invocations
 + Level 9.6 Evocations


You had 19 spell levels left.
You knew the following spells:

 Your Spells              Type           Power        Failure   Level
a - Blink                 Tloc           N/A          1%          2
b - Poisonous Vapours     Pois/Air       100%         1%          2
c - Mephitic Cloud        Conj/Pois/Air  57%          1%          3
d - Confusing Touch       Hex            57%          1%          3
e - Ignite Poison         Fire/Tmut/Pois 57%          1%          3

Your spell library contained the following spells:

 Spells                   Type           Power        Failure   Level
 Animate Skeleton         Necr           100%         1%          1
 Apportation              Tloc           100%         1%          1
 Beastly Appendage        Tmut           100%         1%          1
 Corona                   Hex            63%          1%          1
 Pain                     Necr           100%         1%          1
 Shock                    Conj/Air       100%         1%          1
 Summon Small Mammal      Summ           100%         1%          1
 Call Imp                 Summ           57%          1%          2
 Slow                     Hex            57%          1%          2
 Swiftness                Air            57%          1%          2
 Wereblood                Tmut           57%          1%          2
 Conjure Flame            Conj/Fire      57%          1%          3
 Gell's Gravitas          Tloc           28%          1%          3
 Inner Flame              Hex/Fire       57%          1%          3
 Lesser Beckoning         Tloc           28%          1%          3
 Portal Projectile        Hex/Tloc       100%         1%          3
 Spider Form              Tmut/Pois      28%          1%          3
 Static Discharge         Conj/Air       57%          1%          3
 Tukima's Dance           Hex            57%          1%          3
 Vampiric Draining        Necr           28%          1%          3
 Airstrike                Air            28%          1%          4
 Animate Dead             Necr           28%          1%          4
 Cause Fear               Hex            28%          1%          4
 Ice Form                 Ice/Tmut       57%          1%          4
 Leda's Liquefaction      Hex/Erth       28%          1%          4
 Olgreb's Toxic Radiance  Pois           57%          1%          4
 Petrify                  Tmut/Erth      57%          1%          4
 Summon Lightning Spire   Summ/Air       57%          1%          4
 Agony                    Necr           57%          3%          5
 Alistair's Intoxication  Tmut/Pois      38%          3%          5
 Blade Hands              Tmut           28%          3%          5
 Lightning Bolt           Conj/Air       28%          3%          5
 Metabolic Englaciation   Hex/Ice        28%          3%          5
 Silence                  Hex/Air        28%          3%          5
 Yara's Violent Unravell  Hex/Tmut       28%          3%          5
 Conjure Ball Lightning   Conj/Air       28%          22%         6
 Freezing Cloud           Conj/Ice/Air   28%          22%         6
 Invisibility             Hex            57%          22%         6
 Starburst                Conj/Fire      28%          22%         6
 Malign Gateway           Summ/Tloc      28%          75%         7
 Tornado                  Air            28%          100%        9


Dungeon Overview and Level Annotations

Branches:
Dungeon (13/15)            Temple (1/1) D:5            Lair (6/6) D:10
 Shoals (0/4) Lair:3       Spider (0/4) Lair:4        Slime (0/5) Lair:6
    Orc (1/2) D:11          Sewer (visited)         Ossuary (visited)
 Bailey (visited)         Gauntlet (visited)
 Vaults: D:13-14

Altars:
Ashenzari
Cheibriados
Dithmenos
Elyvilon
Fedhas
Gozag
Hepliaklqana
Kikubaaqudgha
Makhleb
Nemelex Xobeh
Okawaru
Qazlal
Ru
Sif Muna
Trog
Uskayaw
Vehumet
Wu Jian
Xom
Yredelemnul
Zin
The Shining One
Beogh
Jiyva

Shops:
D:4 !   D:9 (

Annotations:
D:6 1 runed translucent door


Innate Abilities, Weirdness & Mutations

Your experience applies equally to all skills.
((You have very sharp teeth.))
Your uncanny sense of smell can sniff out nearby items.


Message History

The deep troll bites you but does no damage.
The deep troll claws you but does no damage. x2
You are confused.
You feel invigorated.
The orc knight hits you but does no damage.
The warg bites you but does no damage.
A two-headed ogre comes into view.
It is wielding a +0 giant club and a +0 giant spiked club.
The deep troll bites you.
* * * LOW HITPOINT WARNING * * *
The deep troll claws you.
* * * LOW HITPOINT WARNING * * *
The deep troll claws you but does no damage.
You feel much better. The warg bites you but does no damage.
The smoke demon gestures at you. Beogh smites you!
* * * LOW HITPOINT WARNING * * *
The orc knight unwields a +0 arbalest.
The orc knight wields a +0 dire flail.
The orc knight hits you but does no damage.
The orc knight hits you from afar with a +2 bardiche!!!
You die...

.#.....§..§≈≈(§# #
.....#....o≈≈§§#O.# §≈≈
.#....#.(oo≈≈§≈#..#§≈≈ .
.#......(............#.#
............4.#...#....
....o........(.(.....#.#
....o......3o.o.......
........)......o...#..
#.....(.(...o..h♣T#...
#.....o.....>.oo........
#.....§.................
<.......................
#.##.......$......##....
#####..#.........## #.#.
######.$#.#.## ##
########


You could see 5 orc knights, 2 orc high priests, a two-headed ogre (wandering),
a deep troll, an orange demon (summoned), a smoke demon (summoned), a warg, an
orc warrior (strong) and an orc wizard (strong).

Vanquished Creatures
  Snorg (D:11)
  A minotaur (Gauntlet)
  A green death (Gauntlet)
  5 hydras
  7 death yaks
  A tengu warrior (D:12)
  A death drake (Gauntlet)
  2 orc knights
  An ugly thing (D:12)
  A manticore (Lair:3)
  6 elephants
  A spectral centaur (Gauntlet)
  8 black mambas
  A torpor snail (Lair:2)
  9 cane toads
  11 komodo dragons
  3 rime drakes
  Maggie (Lair:2)
  5 polar bears
  A queen bee (Lair:3)
  5 hornets
  10 blink frogs
  A meliai zombie (D:13)
  2 dream sheep (Lair:6)
  A redback (Lair:4)
  2 wraiths
  13 spriggans (Lair:6)
  8 wyverns
  8 basilisks
  84 yaks
  A steam dragon (Lair:3)
  8 vampire mosquitoes (D:12)
  Edmund (D:4)
  A soldier ant (D:12)
  4 wargs
  Menkaure (D:6)
  Duvessa (D:6)
  16 water moccasins
  A hornet zombie (Gauntlet)
  7 orc warriors
  4 black bears
  2 phantoms
  An ice beast (D:12)
  2 sky beasts
  An eye of draining (D:11)
  4 boggarts (Lair:6)
  Purgy (Sewer)
  9 ogres
  26 wolves
  7 centaurs
  An elf zombie (Ossuary)
  13 bullfrogs
  Dowan (D:6)
  A wyvern skeleton (D:13)
  3 scorpions
  A water moccasin skeleton (D:8)
  36 killer bees
  12 wights
  An electric eel (Lair:1)
  4 howler monkeys
  A bullfrog zombie (D:9)
  2 centaur zombies
  2 hounds
  A quasit (D:7)
  2 jellies
  3 bullfrog skeletons
  3 orc priests
  A human zombie (Ossuary)
  9 orc wizards
  3 centaur skeletons
  2 iguanas
  7 worker ants
  6 hell rats (Lair:5)
  A killer bee zombie (D:8)
  2 big kobold zombies (Ossuary)
  A hound zombie (D:8)
  2 hound skeletons (D:4)
  2 mummies (Ossuary)
  3 worker ant zombies
  10 gnolls
  18 adders
  3 shadow imps
  A white imp (D:6)
  4 ufetubi
  4 oozes
  An adder skeleton (D:5)
  2 adder zombies
  4 dart slugs
  2 worms
  3 leopard geckos
  38 orcs
  9 bats
  11 giant cockroaches
  13 goblins
  15 hobgoblins
  3 jackals (D:5)
  23 kobolds
  2 quokkas
  4 ball pythons
  9 frilled lizards
  A goblin zombie (Ossuary)
  12 hobgoblin zombies (Ossuary)
  2 jackal zombies (Ossuary)
  8 kobold zombies (Ossuary)
  A leopard gecko skeleton (D:6)
  5 orc zombies (Ossuary)
  A quokka skeleton (D:8)
  9 rats
  2 rat zombies (Ossuary)
645 creatures vanquished.

Vanquished Creatures (others)
  A bush (Lair:6)
  23 demonic plants (Gauntlet)
  42 fungi
  52 plants
  2 withered plants (D:5)
120 creatures vanquished.

Grand Total: 765 creatures vanquished

Notes
Turn   | Place    | Note
-------+----------+-------------------------------------------
     0 | D:1      | ilyvion the Gnoll Wanderer began the quest for the Orb.
     0 | D:1      | ilyvion set off with the following items: a +2 spear, a
                  | potion of curing, a potion of lignification, a +0 robe
     0 | D:1      | Reached XP level 1. HP: 23/23 MP: 1/1
    27 | D:1      | Reached XP level 2. HP: 17/29 MP: 2/2
   496 | D:1      | Reached XP level 3. HP: 24/35 MP: 3/3
   886 | D:1      | Reached skill level 1 in Invocations
  1138 | D:1      | Reached skill level 1 in Short Blades
  1138 | D:1      | Reached skill level 1 in Long Blades
  1138 | D:1      | Reached skill level 1 in Axes
  1138 | D:1      | Reached skill level 1 in Maces & Flails
  1138 | D:1      | Reached skill level 1 in Staves
  1138 | D:1      | Reached skill level 1 in Slings
  1138 | D:1      | Reached skill level 1 in Crossbows
  1138 | D:1      | Reached skill level 1 in Throwing
  1138 | D:1      | Reached skill level 1 in Armour
  1138 | D:1      | Reached skill level 1 in Stealth
  1138 | D:1      | Reached skill level 1 in Unarmed Combat
  1138 | D:1      | Reached skill level 1 in Spellcasting
  1138 | D:1      | Reached skill level 1 in Evocations
  1389 | D:2      | Reached XP level 4. HP: 41/41 MP: 5/5
  1609 | D:2      | Reached skill level 1 in Conjurations
  1609 | D:2      | Reached skill level 1 in Hexes
  1609 | D:2      | Reached skill level 1 in Summonings
  1609 | D:2      | Reached skill level 1 in Necromancy
  1609 | D:2      | Reached skill level 1 in Translocations
  1609 | D:2      | Reached skill level 1 in Transmutations
  1609 | D:2      | Reached skill level 1 in Fire Magic
  1609 | D:2      | Reached skill level 1 in Ice Magic
  1609 | D:2      | Reached skill level 1 in Air Magic
  1609 | D:2      | Reached skill level 1 in Earth Magic
  1609 | D:2      | Reached skill level 1 in Poison Magic
  1901 | D:2      | Reached XP level 5. HP: 47/47 MP: 6/6
  2877 | D:3      | Noticed a centaur
  2884 | D:3      | Killed a centaur
  2885 | D:3      | Reached XP level 6. HP: 27/53 MP: 8/8
  3258 | D:4      | Reached skill level 5 in Polearms
  3258 | D:4      | Reached skill level 5 in Bows
  3258 | D:4      | Reached skill level 5 in Shields
  3345 | D:4      | Noticed Edmund
  3360 | D:4      | Killed Edmund
  3361 | D:4      | Reached XP level 7. HP: 31/55 MP: 10/10
  3541 | D:4      | Reached skill level 7 in Fighting
  3563 | D:4      | Found Eshuis's Distillery.
  3569 | D:4      | Bought a potion of degeneration for 13 gold pieces
  4177 | D:4      | Got a faintly humming plate armour
  4209 | D:4      | Identified the +1 plate armour of Autumn {Dex+3} (You found
                  | it on level 4 of the Dungeon)
  4570 | D:5      | Entered Level 5 of the Dungeon
  4788 | D:5      | Reached XP level 8. HP: 49/67 MP: 12/12
  5093 | D:5      | Found a glowing drain.
  5103 | Sewer    | Entered a sewer
  5158 | Sewer    | Noticed Purgy
  5167 | Sewer    | Killed Purgy
  5365 | D:5      | Found a white marble altar of Elyvilon.
  5660 | D:5      | Found a basalt altar of Yredelemnul.
  5790 | D:5      | Found a staircase to the Ecumenical Temple.
  5800 | Temple   | Entered the Ecumenical Temple
  5950 | Temple   | Became a worshipper of Cheibriados the Contemplative
  6181 | D:6      | Found a glowing golden altar of the Shining One.
  6182 | D:6      | Found a runed translucent door.
  6182 | D:6      | Noticed an angel
  6214 | D:6      | Noticed Menkaure
  6220 | D:6      | Killed Menkaure
  6221 | D:6      | Reached XP level 9. HP: 39/73 MP: 14/14
  6713 | D:6      | Noticed Duvessa
  6717 | D:6      | Killed Duvessa
  6717 | D:6      | Noticed Dowan
  6722 | D:6      | Killed Dowan
  6860 | D:6      | Reached * piety under Cheibriados
  7172 | D:7      | Found a blossoming altar of Fedhas.
  7241 | D:7      | Reached skill level 5 in Dodging
  7516 | D:7      | Noticed an angel
  7517 | D:7      | Found a glowing silver altar of Zin.
  7672 | D:7      | Found a hazy altar of Hepliaklqana.
  7672 | D:7      | Found a burning altar of Makhleb.
  7672 | D:7      | Found a stormy altar of Qazlal.
  7855 | D:8      | Found a sand-covered staircase.
  7864 | Ossuary  | Entered an ossuary
  7897 | Ossuary  | Reached ** piety under Cheibriados
  8092 | Ossuary  | Reached *** piety under Cheibriados
  8476 | D:8      | Reached skill level 8 in Fighting
  8589 | D:8      | Reached skill level 5 in Invocations
  8623 | D:8      | Found a glowing golden altar of the Shining One.
  8799 | D:8      | Reached **** piety under Cheibriados
  8976 | D:8      | Reached XP level 10. HP: 77/80 MP: 17/17
  9205 | D:9      | Found a white marble altar of Elyvilon.
  9617 | D:9      | Reached skill level 5 in Short Blades
  9617 | D:9      | Reached skill level 5 in Long Blades
  9617 | D:9      | Reached skill level 5 in Axes
  9617 | D:9      | Reached skill level 5 in Maces & Flails
  9617 | D:9      | Reached skill level 5 in Staves
  9617 | D:9      | Reached skill level 5 in Slings
  9617 | D:9      | Reached skill level 5 in Crossbows
  9617 | D:9      | Reached skill level 5 in Throwing
  9617 | D:9      | Reached skill level 5 in Armour
  9617 | D:9      | Reached skill level 5 in Stealth
  9617 | D:9      | Reached skill level 5 in Unarmed Combat
  9617 | D:9      | Reached skill level 5 in Spellcasting
  9617 | D:9      | Reached skill level 5 in Evocations
  9826 | D:9      | Reached ***** piety under Cheibriados
 10157 | D:9      | Found Ruown's Antique Weapon Shop.
 10311 | D:9      | You fall into a shaft and drop 3 floors!
 10581 | D:11     | Noticed Snorg
 10600 | D:11     | Killed Snorg
 10667 | D:11     | Found a staircase to the Orcish Mines.
 10677 | D:10     | Entered Level 10 of the Dungeon
 11020 | D:10     | Reached XP level 11. HP: 87/87 MP: 19/19
 11034 | D:10     | Found a flagged portal.
 11043 | Bailey   | Entered a bailey
 11066 | Bailey   | Noticed an orc knight
 11200 | Bailey   | Killed an orc knight
 11201 | Bailey   | Reached skill level 9 in Fighting
 11255 | Bailey   | Reached skill level 5 in Conjurations
 11255 | Bailey   | Reached skill level 5 in Hexes
 11255 | Bailey   | Reached skill level 5 in Summonings
 11255 | Bailey   | Reached skill level 5 in Necromancy
 11255 | Bailey   | Reached skill level 5 in Translocations
 11255 | Bailey   | Reached skill level 5 in Transmutations
 11255 | Bailey   | Reached skill level 5 in Fire Magic
 11255 | Bailey   | Reached skill level 5 in Ice Magic
 11255 | Bailey   | Reached skill level 5 in Air Magic
 11255 | Bailey   | Reached skill level 5 in Earth Magic
 11255 | Bailey   | Reached skill level 5 in Poison Magic
 11290 | Bailey   | Reached ****** piety under Cheibriados
 11325 | Bailey   | Identified the Volume of the Viperous Voyage
 11844 | D:10     | Found a staircase to the Lair.
 12606 | D:11     | Found a snail-covered altar of Cheibriados.
 13218 | D:12     | Noticed a white ugly thing
 13234 | D:12     | Killed a white ugly thing
 13853 | D:12     | Paralysed by a hornet for 1 turns
 14241 | D:13     | Noticed a tengu warrior
 14257 | D:12     | Killed a tengu warrior
 14258 | D:12     | Reached XP level 12. HP: 90/96 MP: 22/22
 14261 | D:12     | Learned a level 2 spell: Blink
 14264 | D:12     | Learned a level 2 spell: Poisonous Vapours
 14597 | Lair:1   | Entered Level 1 of the Lair of Beasts
 14610 | Lair:1   | Noticed a seven-headed hydra
 14616 | Lair:1   | Killed a seven-headed hydra
 14735 | Lair:1   | Found a gate leading to a gauntlet.
 14747 | Gauntlet | Entered a Gauntlet
 14747 | Gauntlet | Found a transporter.
 14754 | Gauntlet | Noticed a wretched star
 14781 | Gauntlet | Noticed a wretched star
 14782 | Gauntlet | Found a transporter.
 14798 | Gauntlet | Found a transporter.
 14802 | Gauntlet | Found a transporter.
 14822 | Gauntlet | Found a transporter.
 14834 | Gauntlet | Noticed a death ooze
 14835 | Gauntlet | Found a transporter.
 14848 | Gauntlet | Found a transporter.
 14864 | Gauntlet | Noticed a green death
 14868 | Gauntlet | Found a transporter.
 14872 | Gauntlet | Found a transporter.
 14880 | Gauntlet | Found a transporter.
 14903 | Gauntlet | Found a transporter.
 14907 | Gauntlet | Found a transporter.
 14911 | Gauntlet | Found a runed translucent door.
 14912 | Gauntlet | Found a runed translucent door.
 15250 | Gauntlet | Got a faintly glowing granite ring
 15252 | Gauntlet | Got a faintly glowing crystal amulet
 15258 | Gauntlet | Identified the ring "Cojuatsa" {*Corrode rC+ rN+ Str+3}
                  | (You found it in a Gauntlet)
 15277 | Gauntlet | Killed a green death
 15438 | Gauntlet | Noticed a minotaur
 15452 | Gauntlet | Killed a minotaur
 15621 | Lair:1   | Noticed a seven-headed hydra
 15627 | Lair:1   | Killed a seven-headed hydra
 15635 | Lair:1   | Noticed a four-headed hydra
 15646 | Lair:1   | Killed a four-headed hydra
 15647 | Lair:1   | Reached skill level 10 in Fighting
 16337 | Lair:1   | Reached XP level 13. HP: 85/103 MP: 24/24
 17021 | Lair:2   | Noticed Maggie
 17024 | Lair:2   | Killed Maggie
 17890 | Lair:3   | Identified the amulet "Vedocs" {Faith Dex+4} (You found it
                  | in a Gauntlet)
 17914 | Lair:3   | Found a staircase to the Shoals.
 19905 | Lair:4   | Found a hole to the Spider Nest.
 20234 | Lair:5   | Reached XP level 14. HP: 111/111 MP: 26/26
 20281 | Lair:5   | Reached skill level 10 in Polearms
 20281 | Lair:5   | Reached skill level 10 in Bows
 20281 | Lair:5   | Reached skill level 10 in Shields
 20519 | Lair:5   | Reached skill level 11 in Fighting
 21168 | Lair:6   | Entered Level 6 of the Lair of Beasts
 21446 | Lair:5   | Reached skill level 10 in Invocations
 21827 | Lair:6   | Found a staircase to the Slime Pits.
 21827 | Lair:6   | Found a viscous altar of Jiyva.
 22036 | Lair:6   | Learned a level 3 spell: Mephitic Cloud
 22040 | Lair:6   | Learned a level 3 spell: Confusing Touch
 22044 | Lair:6   | Learned a level 3 spell: Ignite Poison
 22851 | Lair:6   | Identified the Incunabulum of Burning Calling
 23004 | Lair:6   | Reached skill level 10 in Dodging
 23484 | Orc:1    | Entered Level 1 of the Orcish Mines
 23515 | Orc:1    | Found a roughly hewn altar of Beogh.
 23562 | Orc:1    | Mangled by an orc knight

Illustrated notes

Levels and vault maps discovered:
D:1:      ncdulo_lavacross, layout_basic, minmay_misc_feat_tiny,
          minmay_close_crescents
D:2:      layout_basic, minmay_3d_cube
D:3:      layout_rooms
D:4:      layout_loops_corners, serial_shops, nicolae_shop_stone, uniq_edmund
D:5:      minmay_spotlight, layout_basic, yredelemnul_altar_generic,
          elyvilon_altar_5, minmay_temple_entry_stoned_glass,
          gup_sewer_entry_glass
D:6:      layout_basic, serial_corexii_hall, chequers_hall_statues_corner_a,
          corexii_hall_statues_x, lemuel_angel_altar, uniq_menkaure,
          uniq_duvessa
D:7:      layout_basic, gammafunk_temple_overflow_claw, zin_angel, basic_altar
D:8:      layout_loops_ring, nicolae_ossuary_entry_ruins, basic_altar, hex_tiny
D:9:      layout_small_grid, serial_shops, nicolae_shop_waterfront, basic_altar,
          corexii_checkpoint_a
D:10:     layout_gridville, erik_lair_orcish_takeover, enter_bailey_2
D:11:     layout_basic, orc_0_dummy, basic_altar, uniq_snorg
D:12:     layout_roguey
D:13:     layout_loops_cross, serial_shops, shop, st_stairs_10,
          kennysheep_another_room, uniq_rupert, uniq_maurice
Temple:   eino_temple_scatter_basement
Lair:1:   layout_gridlike, gauntlet_entry_generic, grunt_megastairs_4,
          lemuel_fruit_tree
Lair:2:   layout_chaotic_city, minivault_19, uniq_maggie
Lair:3:   regret_index_tunnel_blossom, layout_big_grid,
          minmay_shoals_entry_centaurs, chequers_serial_rivers_micro_b,
          infiniplex_staircase_pool_2
Lair:4:   layout_hall_layers, spider_nest_entry_rubble
Lair:5:   layout_roguey
Lair:6:   minmay_lair_end_enchanted_forest, layout_regular_city, slime_altar_1
Orc:1:    layout_caves, basic_altar, serial_shops,
          nicolae_shop_overgrown_old_shop, guppyfry_orc_lava_fort

Skill      XL: |  1  2  3  4  5  6  7  8  9 10 11 12 13 14 |
---------------+-------------------------------------------+-----
Invocations    | 1 2 3 4 5 6 7 8 9 10 | 10.4
Short Blades   | 1 2 3 4 5 6 7 8 9 |  9.6
Long Blades    | 1 2 3 4 5 6 7 8 9 |  9.6
Axes           | 1 2 3 4 5 6 7 8 9 |  9.6
Maces & Flails | 1 2 3 4 5 6 7 8 9 |  9.6
Staves         | 1 2 3 4 5 6 7 8 9 |  9.6
Slings         | 1 2 3 4 5 6 7 8 9 |  9.6
Crossbows      | 1 2 3 4 5 6 7 8 9 |  9.6
Throwing       | 1 2 3 4 5 6 7 8 9 |  9.6
Armour         | 1 2 3 4 5 6 7 8 9 |  9.6
Stealth        | 1 2 3 4 5 6 7 8 9 |  9.6
Unarmed Combat | 1 2 3 4 5 6 7 8 9 |  9.6
Spellcasting   | 1 2 3 4 5 6 7 8 9 |  9.6
Evocations     | 1 2 3 4 5 6 7 8 9 |  9.6
Conjurations   | 1 2 3 4 5 6 7 8 |  8.1
Hexes          | 1 2 3 4 5 6 7 8 |  8.1
Summonings     | 1 2 3 4 5 6 7 8 |  8.1
Necromancy     | 1 2 3 4 5 6 7 8 |  8.1
Translocations | 1 2 3 4 5 6 7 8 |  8.1
Transmutations | 1 2 3 4 5 6 7 8 |  8.1
Fire Magic     | 1 2 3 4 5 6 7 8 |  8.1
Ice Magic      | 1 2 3 4 5 6 7 8 |  8.1
Air Magic      | 1 2 3 4 5 6 7 8 |  8.1
Earth Magic    | 1 2 3 4 5 6 7 8 |  8.1
Poison Magic   | 1 2 3 4 5 6 7 8 |  8.1
Dodging        | 3 4 5 6 7 8 9 10 | 10.0
Polearms       | 5 6 7 8 9 10 | 10.6
Bows           | 5 6 7 8 9 10 | 10.6
Shields        | 5 6 7 8 9 10 | 10.6
Fighting       | 7 8 9 10 11 | 11.5

Action                   |  1- 3 |  4- 6 |  7- 9 | 10-12 | 13-15 || total
-------------------------+-------+-------+-------+-------+-------++-------
Melee: Spear             |   130 |    34 |       |       |       ||   164
       Bite              |    12 |     8 |    39 |    85 |    86 ||   230
       Halberd           |       |   101 |     8 |     5 |       ||   114
       Dire flail        |       |       |   297 |   374 |   496 ||  1167
       Glaive            |       |       |       |     1 |       ||     1
 Fire: Hunting sling     |       |    28 |    33 |       |       ||    61
       Shortbow          |       |       |   136 |   275 |       ||   411
       Arbalest          |       |       |       |       |   194 ||   194
Throw: Stone             |    52 |    76 |    21 |    33 |       ||   182
       Boomerang         |       |       |       |     4 |   123 ||   127
 Cast: Blink             |       |       |       |       |     8 ||     8
       Confusing Touch   |       |       |       |       |     6 ||     6
       Poisonous Vapours |       |       |       |       |     2 ||     2
       Mephitic Cloud    |       |       |       |       |     1 ||     1
       Ignite Poison     |       |       |       |       |     1 ||     1
Invok: Slouch            |       |       |       |     1 |       ||     1
       Step From Time    |       |       |       |       |     1 ||     1
Evoke: Wand              |       |       |     1 |       |       ||     1
  Use: Scroll            |       |       |    12 |    14 |    12 ||    38
       Potion            |       |       |     1 |     2 |     5 ||     8
 Stab: Sleeping          |     1 |       |       |       |       ||     1
       Confused          |       |       |       |       |     7 ||     7
       Distracted        |       |       |       |       |     1 ||     1
Armor: Chain mail        |    31 |    70 |    18 |       |       ||   119
       Robe              |     2 |       |       |       |       ||     2
       Plate armour      |       |       |   161 |    22 |       ||   183
       Skin              |       |       |    22 |       |     8 ||    30
       Crystal plate arm |       |       |       |   282 |   246 ||   528
Dodge: Dodged            |    44 |    57 |   158 |   278 |   388 ||   925
